 Dungeon Crawl Stone Soup version 0.27.1-34-g3ba077fa99 (webtiles) character file.

Game seed: 15184772873760892417

348 vvl the Changer (level 6, -1/51 HPs)
             Began as a Draconian Transmuter on Jan 27, 2022.
             Was an Initiate of Kikubaaqudgha.
             Slain by an orc (3 damage)
             ... on level 4 of the Dungeon.
             The game lasted 00:07:33 (4256 turns).

vvl the Changer (Draconian Transmuter)              Turns: 4256, Time: 00:07:33

Health: -1/51      AC:  6    Str: 13    XL:     6   Next: 33%
Magic:  0/11       EV: 12    Int: 15    God:    Kikubaaqudgha [......]
Gold:   111        SH:  0    Dex: 11    Spells: 10/11 levels left

rFire    . . .     SeeInvis .   h - +1 mace (protect)
rCold    . . .     Faith    .   (no shield)
rNeg     . . .     Spirit   +   (armour unavailable)
rPois    .         Reflect  .   (helmet currently unavailable)
rElec    .         Harm     .   (no cloak)
rCorr    .         Rampage  .   (no gloves)
Will     +....                  (boots currently unavailable)
Stlth    +.........             f - amulet of guardian spirit
HPRegen  0.17/turn              n - +4 ring of slaying
MPRegen  0.12/turn              l - ring of willpower

@: appendages (expiring)
A: horns 2, talons 2, AC +6, unfitting armour, cold-blooded
a: End Transformation, Renounce Religion


You were on level 4 of the Dungeon.
You worshipped Kikubaaqudgha.
Kikubaaqudgha was noncommittal.
You had temporarily grown beastly horns and talons.
You visited 1 branch of the dungeon, and saw 4 of its levels.

You collected 111 gold pieces.

Inventory:

Hand Weapons
 h - a +1 mace of protection (weapon)
 q - a +0 short sword of electrocution
Jewellery
 f - an amulet of guardian spirit (around neck)
 l - a ring of willpower (right hand)
 n - a +4 ring of slaying (left hand)
Wands
 o - a wand of iceblast (10)
Scrolls
 a - a scroll of noise {unknown}
 e - 2 scrolls of teleportation {unknown}
 g - 3 scrolls of identify {unknown}
 i - a scroll of summoning {unknown}
 j - a scroll of immolation {unknown}
 k - a scroll of enchant weapon {unknown}
 m - a scroll of enchant armour {unknown}
 p - a scroll of vulnerability {unknown}
Potions
 b - 2 potions of brilliance {unknown}
 c - a potion of heal wounds {unknown}
 d - a potion of lignification {unknown}


   Skills:
 + Level 3.4 Fighting
 - Level 2.0 Dodging
 - Level 3.0 Unarmed Combat
 + Level 3.3 Spellcasting
 + Level 1.0 Necromancy
 + Level 3.6 Transmutations
 + Level 2.7 Earth Magic


You had 10 spell levels left.
You knew the following spells:

 Your Spells              Type           Power      Damage    Failure   Level
a - Beastly Appendage     Tmut           26%        N/A       4%          1

Your spell library contained the following spells:

 Spells                   Type           Power      Damage    Failure   Level
 Wereblood                Tmut           13%        N/A       7%          2
 Spider Form              Tmut/Pois      3%         N/A       28%         3
 Ice Form                 Ice/Tmut       7%         N/A       67%         4


Dungeon Overview and Level Annotations

Branches:
Dungeon (4/15)
 Temple: D:4-7

Altars:
Fedhas
Hepliaklqana
Kikubaaqudgha


Innate Abilities, Weirdness & Mutations

You have temporarily grown beastly horns and talons.
Your plain brown scales are hard. (AC +6)
You cannot fit into any form of body armour.
You are cold-blooded and may be slowed by cold attacks.


Message History

The orc closely misses you.
You barely miss the gnoll.
The gnoll shouts!
You headbutt the gnoll.
You kill the gnoll!
Kikubaaqudgha accepts your kill.
Your transformation is almost over.
The gnoll throws a throwing net.
The throwing net hits you.
You become entangled in the net!
The gnoll hits you but does no damage. The orc hits you but does no damage.
The orc barely misses you.
You are held in a net!
Unknown command.
You struggle against the net.
The gnoll hits you from afar with a +0 spear.
The orc hits you with a +0 club. The gnoll hits you but does no damage.
The orc hits you but does no damage.
You tear a large gash into the net.
The gnoll hits you from afar with a +0 spear.
The orc hits you but does no damage.
The orc hits you from afar with a +0 trident.
* * * LOW HITPOINT WARNING * * *
Unknown command.
You struggle against the net.
The gnoll hits you from afar with a +0 spear.
* * * LOW HITPOINT WARNING * * *
The orc hits you but does no damage. The gnoll hits you but does no damage.
The orc hits you from afar with a +0 trident.
* * * LOW HITPOINT WARNING * * *
Unknown command.
You rip the net and break free!
The gnoll hits you from afar with a +0 spear.
* * * LOW HITPOINT WARNING * * *
The orc hits you with a +0 club.
* * * LOW HITPOINT WARNING * * *
The gnoll closely misses you. The orc hits you but does no damage.
The gnoll hits you from afar with a +0 spear.
* * * LOW HITPOINT WARNING * * *
The orc hits you with a +0 club.
You die...
Kikubaaqudgha rasps: "You have failed me!
Welcome... death!"

##.#############...
###...$#......#...........
.[.... ...##.#.....#......
...... #..................
..?...##.##..##...##......
................).........
.....................#...
...........#..>..##.##
..###.$........@##.##...
#..<...÷..##...#o<.......
#.#...........^#gg..##...
#...###.##...g.#o...#
...#.#..................
..###...##........#..####
. . ####.÷..........? .
#......?.......##
#............#..


You could see 3 gnolls and 2 orcs.

Vanquished Creatures
  A jelly (D:3)
  A hound (D:3)
  Jessica (D:2)
  Terence (D:2)
  5 gnolls
  9 adders
  An ufetubus (D:4)
  2 worms (D:2)
  4 dart slugs
  3 orcs (D:3)
  4 ball pythons
  2 endoplasms (D:3)
  7 giant cockroaches
  4 goblins
  11 hobgoblins
  2 jackals (D:2)
  6 kobolds
  3 quokkas (D:1)
  3 bats (D:2)
  7 frilled lizards
  A rat (D:3)
78 creatures vanquished.

Vanquished Creatures (others)
  An orc wizard (D:3)
1 creature vanquished.

Grand Total: 79 creatures vanquished

Notes
Turn   | Place    | Note
-------+----------+-------------------------------------------
     0 | D:1      | vvl the Draconian Transmuter began the quest for the Orb.
     0 | D:1      | Reached XP level 1. HP: 16/16 MP: 3/3
   334 | D:1      | Reached XP level 2. HP: 23/23 MP: 3/5
   504 | D:1      | Found a faded altar of an unknown god.
   921 | D:2      | Reached XP level 3. HP: 29/29 MP: 4/6
   977 | D:2      | Noticed Jessica
   983 | D:2      | Killed Jessica
   984 | D:2      | Reached skill level 1 in Earth Magic
  1125 | D:2      | Reached XP level 4. HP: 24/36 MP: 5/7
  1252 | D:2      | Noticed Terence
  1490 | D:2      | Killed Terence
  2483 | D:3      | Reached XP level 5. HP: 38/42 MP: 7/9
  2607 | D:3      | Found a blossoming altar of Fedhas.
  2607 | D:3      | Found a hazy altar of Hepliaklqana.
  2920 | D:3      | Found an ancient bone altar of Kikubaaqudgha.
  3200 | D:3      | Became a worshipper of Kikubaaqudgha
  3582 | D:3      | Reached XP level 6. HP: 34/51 MP: 5/10
  3806 | D:4      | Reached skill level 1 in Necromancy
  4255 | D:4      | HP: 2/51 [gnoll (1)]
  4256 | D:4      | Slain by an orc

Illustrated notes

Levels and vault maps discovered:
D:1:      saegor_arrival_miasma, layout_loops_ring, basic_ecumenical_altar,
          chequers_jeans, minmay_worlds_worst_comb
D:2:      layout_basic, minmay_octomino_j4, uniq_terence, uniq_jessica
D:3:      layout_loops_ring, kiku_gazebo_pond_becter,
          chequers_temple_overflow_statue_of_worship
D:4:      layout_rooms, nicolae_overflow_hidden_temple, serial_bayou_pond_d,
          uniq_crazy_yiuf_cottage

Skill      XL: |  1  2  3  4  5  6 |
---------------+-------------------+-----
Dodging        | 2 |  2.0
Fighting       | 2 3 |  3.4
Earth Magic    | 1 2 |  2.7
Transmutations | 3 |  3.6
Spellcasting   | 3 |  3.3
Necromancy     | 1 |  1.0
Unarmed Combat | |  3.0

Action                   |  1- 3 |  4- 6 || total
-------------------------+-------+-------++-------
Melee: Unarmed           |    83 |    21 ||   104
       Kick              |    11 |    16 ||    27
       Tailslap          |     8 |    12 ||    20
       Headbutt          |    11 |    15 ||    26
       Punch             |     4 |       ||     4
       Mace              |       |   119 ||   119
 Cast: Beastly Appendage |    20 |    30 ||    50
Armor: Skin              |    24 |    74 ||    98
Dodge: Dodged            |    49 |   147 ||   196
